 Dungeon Crawl Stone Soup version 0.18-a0-1105-ge9caa06 (webtiles) character file.

10403 Leibowitz the Nimble (level 11, 0/89 HPs)
             Began as a Demigod Assassin on Jan 16, 2016.
             Slain by Snorg (18 damage)
             ... on level 1 of the Orcish Mines.
             The game lasted 00:36:03 (11287 turns).

Leibowitz the Nimble (Demigod Assassin)            Turns: 11287, Time: 00:36:04

Health: 0/89       AC: 11    Str: 16    XL:     11   Next: 14%
Magic:  14/14      EV: 20    Int: 18    God:
Gold:   510        SH:  6    Dex: 21    Spells: 0 memorised, 10 levels left

rFire  + . .     SeeInvis .     a - +3 spear "Haitt" {venom, Stlth+}
rCold  . . .     Gourm    .     I - +2 leather armour {rF+}
rNeg   . . .     Faith    .     h - +0 buckler
rPois  +         Spirit   .     v - +2 helmet
rElec  .         Dismiss  .     d - +0 cloak
rCorr  +         Reflect  .     l - +0 pair of gloves
SustAt +         Harm     .     (no boots)
MR     +....                    u - amulet of regeneration
Stlth  +++++.....               H - +3 ring of strength
                                J - ring "Roanawku" {rCorr rPois Str-3 Int+3}

@: somewhat resistant to hostile enchantments, quite stealthy
A: high mp 1, sustain attributes
a: no special abilities


You were on level 1 of the Orcish Mines.
You were hungry.

You visited 4 branches of the dungeon, and saw 15 of its levels.

You collected 555 gold pieces.
You spent 45 gold pieces at shops.

Inventory:

Hand Weapons
 a - the +3 spear "Haitt" (weapon) {venom, Stlth+}
   (You found it on level 5 of the Dungeon)

   It poisons the flesh of those it strikes.
   It makes you more stealthy.
 b - a +3 short sword of speed
 w - a +0 blowgun
Missiles
 e - 22 poisoned needles
 f - 2 curare-tipped needles
Armour
 d - a +0 cloak (worn)
 h - a +0 buckler (worn)
 l - a +0 pair of gloves (worn)
 v - a +2 helmet (worn)
 I - a +2 leather armour of fire resistance (worn)
Jewellery
 q - an uncursed ring of magical power
 s - an uncursed ring of wizardry
 u - an amulet of regeneration (around neck)
 B - an uncursed amulet of the gourmand
 H - a +3 ring of strength (right hand)
 J - the ring "Roanawku" (left hand) {rCorr rPois Str-3 Int+3}
   (You found it on level 9 of the Dungeon)

   [ring of resist corrosion]

   It affects your strength (-3).
   It affects your intelligence (+3).
   It protects you from poison.
 L - an uncursed ring of magical power
Wands
 c - a wand of magic darts (19/48)
 j - a wand of confusion (19/48)
 o - a wand of polymorph (9/24)
 E - a wand of lightning (0/15)
 G - a wand of lightning (8/15)
 M - a wand of draining (5/15)
Scrolls
 m - 2 scrolls of remove curse
 r - 9 scrolls of identify
 x - 5 scrolls of magic mapping
 y - 2 scrolls of enchant weapon
 A - 4 scrolls of teleportation
 D - a scroll of recharging
Potions
 i - 2 potions of lignification
 k - a potion of brilliance
 n - 3 potions of ambrosia
 t - 4 potions of heal wounds
 F - a potion of curing
 N - a potion of might
Comestibles
 g - 9 bread rations
 p - a royal jelly
 z - 3 slices of pizza
 C - 2 meat rations


   Skills:
 * Level 6.2 Fighting
 + Level 3.3 Short Blades
 * Level 6.0 Polearms
 - Level 1.7 Throwing
 * Level 5.5 Armour
 * Level 8.8 Dodging
 * Level 8.7 Stealth
 * Level 5.3 Shields
 + Level 0.3 Evocations


You had 10 spell levels left.
You didn't know any spells.

Dungeon Overview and Level Annotations

Branches:
Dungeon (11/15)            Temple (1/1) D:6            Lair (2/8) D:10
    Orc (1/2) D:10

Shops:
D:6 ?

Annotations:
Lair:2 Nergalle
Orc:1 Snorg


Innate Abilities, Weirdness & Mutations

You have an increased reservoir of magic (+10% MP).
Your attributes are resistant to harm.


Message History

You puncture Snorg!
Snorg is moderately wounded.
Snorg bites you but does no damage. You block Snorg's attack. Snorg claws you!
The orc warrior misses you. The orc closely misses you.
You hit Snorg.
Snorg is moderately wounded.
Snorg completely misses you. Snorg misses you.
Snorg claws you but does no damage.
You closely miss Snorg.
Snorg is moderately wounded.
You block Snorg's attack. Snorg claws you! Snorg barely misses you.
You block the orc's attack.
You puncture Snorg!
Snorg is moderately wounded.
Snorg bites you. Snorg misses you. Snorg closely misses you.
The orc warrior hits you with a dire flail!!
The orc warrior hits you with a scimitar!
* * * LOW HITPOINT WARNING * * *
The orc misses you. Snorg bites you!!
You die...

......## ..
#...... .o..#
#....$
#....###$...#
#....#.#....
........oo
#$...$.oo#
#...o@#
##..To#
###...###
#.......#
#.>...#...####
#....###.....#
.....
#.#...#####
....
####....#.#
...
##........##


You could see Snorg (berserk), 2 orc warriors and 4 orcs.

Vanquished Creatures
  An unseen horror (D:10)
  A hill giant (D:7)
  A spiny frog (Lair:1)
  A troll (D:10)
  A wraith (D:10)
  9 yaks
  A wyvern (D:7)
  A hill giant zombie (D:10)
  3 hungry ghosts
  2 hippogriffs
  Grum (D:11)
  3 wolves (D:11)
  A water moccasin (Lair:2)
  2 orc warriors
  5 ice beasts
  2 porcupines (Lair:1)
  4 phantoms
  3 black bears
  4 ogres
  A sky beast (D:11)
  2 necrophages
  A wasp (D:10)
  3 centaurs
  2 crocodiles (Lair:1)
  2 big kobolds
  6 giant frogs
  A gnoll sergeant (D:9)
  3 scorpions
  A water moccasin skeleton (D:8)
  A killer bee (D:7)
  5 wights (D:9)
  2 vampire bats (D:5)
  3 crimson imps
  A centaur zombie (D:10)
  3 hounds
  2 giant frog zombies
  Crazy Yiuf (D:7)
  4 jellies
  5 orc priests
  2 centaur skeletons
  4 iguanas
  A giant frog skeleton (D:7)
  11 worker ants
  8 orc wizards
  7 ogre zombies (D:10)
  A hound zombie (D:5)
  A hound skeleton (D:7)
  20 gnolls
  8 adders
  14 river rats (Lair:1)
  5 shadow imps
  2 oozes
  An adder zombie (D:9)
  2 adder skeletons
  7 giant geckos
  33 orcs
  4 ball pythons
  5 giant cockroaches
  28 goblins
  20 hobgoblins
  7 jackals
  19 kobolds
  6 quokkas
  9 bats
  A giant gecko skeleton (D:7)
  A giant gecko zombie (D:6)
  5 giant newts
  4 goblin skeletons (D:10)
  4 goblin zombies (D:10)
  2 hobgoblin skeletons (D:10)
  A hobgoblin zombie (D:10)
  A jackal zombie (D:7)
  3 orc skeletons (D:10)
  11 orc zombies (D:10)
  A quokka skeleton (D:7)
  5 rats
  A plant (D:10)
360 creatures vanquished.

Notes
Turn   | Place    | Note
--------------------------------------------------------------
     0 | D:1      | Leibowitz the Demigod Assassin began the quest for the Orb.
     0 | D:1      | Reached XP level 1. HP: 17/17 MP: 3/3
   104 | D:1      | Reached XP level 2. HP: 21/24 MP: 4/4
   178 | D:1      | Reached skill level 4 in Stealth
   485 | D:1      | Reached skill level 1 in Dodging
   777 | D:1      | Reached XP level 3. HP: 25/29 MP: 5/5
  1534 | D:2      | Found a deep blue altar of Sif Muna.
  1592 | D:3      | Reached skill level 1 in Armour
  2074 | D:3      | Reached XP level 4. HP: 8/36 MP: 6/6
  2521 | D:3      | Reached XP level 5. HP: 41/41 MP: 7/7
  2769 | D:4      | Noticed an ogre
  2796 | D:4      | HP: 1/61 [ogre/giant club (15)]
  2797 | D:4      | Killed an ogre
  2797 | D:4      | Reached skill level 5 in Stealth
  2797 | D:4      | Reached skill level 1 in Shields
  2804 | D:4      | HP: 1/61 [poisoned by a worker ant]
  3106 | D:4      | Reached XP level 6. HP: 42/48 MP: 8/8
  3802 | D:4      | Reached XP level 7. HP: 51/56 MP: 9/9
  3989 | D:5      | Entered Level 5 of the Dungeon
  4036 | D:5      | Got an ancient spear
  4037 | D:5      | Identified the cursed +3 spear "Haitt" {venom, Stlth+} (You found it on level 5 of the Dungeon)
  4080 | D:5      | Reached skill level 6 in Stealth
  4336 | D:5      | Found an ancient bone altar of Kikubaaqudgha.
  4336 | D:5      | Found a shattered altar of Ashenzari.
  5052 | D:6      | Reached skill level 5 in Dodging
  5091 | D:6      | Reached XP level 8. HP: 63/63 MP: 10/10
  5151 | D:6      | Reached skill level 1 in Polearms
  5202 | D:6      | Found a basalt altar of Yredelemnul.
  5255 | D:6      | Found a white marble altar of Elyvilon.
  5309 | D:6      | Found a staircase to the Ecumenical Temple.
  5325 | Temple   | Entered the Ecumenical Temple
  5398 | D:6      | Found Fasmaa's Magic Scroll Boutique.
  5431 | D:6      | Bought a scroll of teleportation for 45 gold pieces
  6190 | D:7      | Reached skill level 7 in Stealth
  6319 | D:7      | Noticed a hill giant
  6328 | D:7      | Killed a hill giant
  6328 | D:7      | Reached XP level 9. HP: 29/71 MP: 12/12
  6653 | D:7      | Noticed Crazy Yiuf
  6667 | D:7      | Killed Crazy Yiuf
  8155 | D:9      | Found a burning altar of Makhleb.
  8156 | D:9      | Found a shimmering altar of Xom.
  8165 | D:9      | Got a wavering steel ring
  8167 | D:9      | Identified the ring "Roanawku" {rCorr rPois Str-3 Int+3} (You found it on level 9 of the Dungeon)
  8255 | D:9      | Found an oddly glowing altar of Pakellas.
  8255 | D:9      | Found a radiant altar of Vehumet.
  8488 | D:10     | Entered Level 10 of the Dungeon
  8591 | D:10     | Found a staircase to the Lair.
  8633 | D:10     | Killed an unseen horror
  8633 | D:10     | Reached skill level 5 in Fighting
  8633 | D:10     | Reached skill level 8 in Stealth
  8633 | D:10     | Reached XP level 10. HP: 44/81 MP: 13/13
  9134 | D:10     | Reached skill level 5 in Polearms
  9155 | D:10     | Reached skill level 5 in Armour
  9247 | D:10     | Found a staircase to the Orcish Mines.
  9860 | D:11     | Noticed a seven-headed hydra
 10085 | D:11     | Noticed Grum
 10113 | D:11     | Killed Grum
 10250 | D:11     | Reached skill level 5 in Shields
 10496 | Lair:1   | Entered Level 1 of the Lair of Beasts
 10601 | Lair:1   | Reached XP level 11. HP: 79/89 MP: 14/14
 11104 | Lair:2   | Noticed Nergalle
 11239 | Orc:1    | Entered Level 1 of the Orcish Mines
 11266 | Orc:1    | Noticed Snorg
 11287 | Orc:1    | Slain by Snorg

Vault maps used:
D:1:      ncdulo_smallfort
D:2:      lemuel_blue_sif_altar
D:5:      gammafunk_temple_overflow_pools, first_bread, roderic_batcave
D:6:      minmay_goblin_kobold_castle, kennysheep_ying_yang, temple_green,
          serial_shops, nicolae_shop_waterfront
D:7:      minmay_opposing_rooms, uniq_crazy_yiuf_cottage
D:9:      grunt_temple_overflow_champion_of_chaos,
          gammafunk_temple_overflow_wave
D:10:     dpeg_oklobed_lair, zombieorc2_lemuel
D:11:     serial_shops, shop, uniq_grum
Temple:   circular_temple_pool_12
Lair:1:   minivault_23
Lair:2:   minmay_lair_oklob_tunnel, serial_bayou_pond_a, serial_bayou_lagoon_b,
          grunt_megastairs_4, uniq_nergalle
Orc:1:    david_defended_altar_orc, uniq_snorg

Action                   |  1- 3 |  4- 6 |  7- 9 | 10-12 || total
-------------------------+-------+-------+-------+-------++-------
Melee: Dagger            |    91 |       |       |       ||    91
       Short sword       |    74 |   190 |    23 |     2 ||   289
       Spear             |       |       |   714 |   687 ||  1401
 Fire: Blowgun           |       |       |     3 |       ||     3
Evoke: Wand              |       |       |     1 |     4 ||     5
  Use: Scroll            |     5 |     1 |     7 |     3 ||    16
       Potion            |     1 |     8 |     1 |       ||    10
 Stab: Sleeping          |    14 |    10 |    30 |    20 ||    74
       Distracted        |     1 |       |     3 |     3 ||     7
  Eat: Chunk             |     3 |     6 |    19 |     9 ||    37
       Meat ration       |       |       |       |     2 ||     2
       Beef jerky        |       |       |       |     1 ||     1
